 Dungeon Crawl Stone Soup version 0.31-a0-1237-gabc64e778c (webtiles) character file.

Game seed: 8413088085772453203

5 Maratek the Ruffian (level 1, -1/13 HPs)
             Began as an Octopode Shapeshifter on Dec 15, 2023.
             Slain by a kobold
             ... wielding a +0 dagger
              (2 damage)
             ... on level 1 of the Dungeon.
             The game lasted 00:00:07 (63 turns).

Maratek the Ruffian (Octopode Shapeshifter)           Turns: 63, Time: 00:00:07

Health: -1/13      AC:  1    Str: 13    XL:     1   Next: 80%
Magic:  1/1        EV: 13    Int: 12    God:
Gold:   0          SH:  0    Dex: 11    Spells: 0/0 levels left

rFire   . .          .
                       - Unarmed
rCold   . . .        (no shield)
rNeg    . . .        (helmet currently unavailable)
rPois   .            (no amulet)
rElec   .            (no ring)
rCorr   .            (no ring)
SInv    .            (no ring)
Will    .....        (no ring)
Stlth   ++           (no ring)
HPRegen 0.22/turn    (no ring)
MPRegen 0.07/turn    (no ring)
                     (no ring)

%: no passive effects
@: beast-form
A: beast (slay +1), almost no armour, amphibious, 8 rings, camouflage 1,
gelatinous body 1, (nimble swimmer 1), tentacles
a: Begin Untransformation


You were on level 1 of the Dungeon.
You were a hulking beast.
You visited 1 branch of the dungeon, and saw 1 of its levels.

Inventory:

Talismans
 b - a beast talisman
 c - a flux talisman
Potions
 a - 2 potions of lignification


   Skills:
 + Level 1.2 Fighting
 + Level 2.1 Dodging
 + Level 3.1 Unarmed Combat
 + Level 3.0 Shapeshifting


You couldn't memorise any spells.
You didn't know any spells.
Your spell library was empty.

Dungeon Overview and Level Annotations

Branches:
Dungeon (1/15)

Altars:


Innate Abilities, Weirdness & Mutations

You are a hulking beast.
Your limbs bulge with bestial killing power. (Slay +1)
You cannot wear most types of armour.
You are amphibious.
You can wear up to eight rings at the same time.
Your skin changes colour to match your surroundings (Stealth+).
Your rubbery body absorbs attacks. (AC +1, EV +1)
((You are camouflaged when in or above water. (Stealth+)))
You have tentacles for arms and can constrict up to eight enemies at once.


Message History

An endoplasm comes into view.
The endoplasm quivers.
You tentacle-slap the goblin.
You kill the goblin!
The kobold hits you with a +0 dagger.
A quokka comes into view.
You closely miss the kobold. Your grab misses the kobold.
The kobold hits you with a +0 whip. The kobold misses you.
You are too injured to fight recklessly!
You are too injured to fight recklessly!
You are too injured to fight recklessly!
You are too injured to fight recklessly!
You are too injured to fight recklessly!
You are too injured to fight recklessly!
You are too injured to fight recklessly!
You are too injured to fight recklessly!
You are too injured to fight recklessly!
You are too injured to fight recklessly!
You are too injured to fight recklessly!
You are too injured to fight recklessly!
You are too injured to fight recklessly!
You are too injured to fight recklessly!
You are too injured to fight recklessly!
You are too injured to fight recklessly!
You are too injured to fight recklessly!
You are too injured to fight recklessly!
You are too injured to fight recklessly!
You are too injured to fight recklessly!
Unknown command.
You are too injured to fight recklessly!
You tentacle-slap the kobold but do no damage.
Your grab misses the kobold. You squeeze the kobold.
You kill the kobold!
The kobold hits you with a +0 dagger.
* * * LOW HITPOINT WARNING * * *
The kobold hits you with a +0 dagger.
* * * LOW HITPOINT WARNING * * *
Items here: ( )) †.
The kobold hits you with a +0 dagger.
You die...

##.....## ###
#.# ##...##
... ##'## ...
#.# )## #.#
##.##
####...###
#....)K..#.#
#.##Jh....#
.$......#r.##
###.##......#
# .........
###########


You could see an endoplasm, a quokka and a kobold.

Vanquished Creatures
  A dart slug (D:1)
  A goblin (D:1)
  A bat (D:1)
  A kobold (D:1)
4 creatures vanquished.

Notes
Turn   | Place    | Note
-------+----------+-------------------------------------------
     0 | D:1      | Maratek the Octopode Shapeshifter began the quest for the
                  | Orb.
     0 | D:1      | Reached XP level 1. HP: 13/13 MP: 1/1
    63 | D:1      | Slain by a kobold

Illustrated notes

Levels and vault maps discovered:
D:1:      dpeg_arrival_yet_another_circle, layout_loops_corners, serial_shops,
          shop, nicolae_shop_gaudy_bauble, nicolae_shop_advertising_works
          [nicolae_subvault_shop_adworks], nicolae_shop_back_alley_shop,
          nicolae_shop_waterfront, nicolae_twisty_statue_hallways

Action                     || total
---------------------------++-------
  Melee: Unarmed           ||     8
         Constrict         ||     2
         Tentacles         ||     2
   Stab: Sleeping          ||     1
 Armour: Skin              ||     8
  Dodge: Dodged            ||     3

Table legend: (Time is in decaauts)
 A = Elapsed time spent in this place.
 B = Non-inter-level travel time spent in this place.
 C = Inter-level travel time spent in this place.
 D = Time resting spent in this place.
 E = Time spent auto-exploring this place.
 F = Levels seen in this place.
 G = Mean time per level.
                   A        B        C        D        E       F      G
               +--------+--------+--------+--------+--------+-----+--------+
         Total |     62 |     62 |      0 |      0 |     44 |   1 |   62.0 |
       Dungeon |     62 |     62 |      0 |      0 |     44 |   1 |   62.0 |
               +--------+--------+--------+--------+--------+-----+--------+

Top non-repeatable levels by time:
     D:1: 62 daAuts
